Map: Nightscape LE

Players

Massa - Winner!

  • Race: Terran Terran
  • League: Platinum
  • Spawn Location: 7:00

qqq - Winner!

  • Race: Zerg Zerg
  • Spawn Location: 7:00

XMasterMaxX

  • Race: Terran Terran
  • League: Gold
  • Spawn Location: 1:00

Maiheu

  • Race: Terran Terran
  • League: Diamond
  • Spawn Location: 1:00

VOD

Have the link to the VOD?

Description

Time

  • Played on: Nov. 2, 2020, 12:45 p.m.
  • Length: 22:15
Show
View Real Time Build Order
Export as new Build Order

Massa Terran - Winner!

Build Orders:  

Get SALT Encoding   

  12  0:00  SCV  
  13  0:17  SCV  
  13  0:19  Supply Depot  
  14  0:29  Refinery, SCV  
  15  0:41  SCV  
  16  0:50  Barracks  
  16  0:54  SCV  
  17  1:06  SCV  
  18  1:18  SCV  
  19  1:30  SCV  
  20  1:37  Reaper  
  21  1:47  Command Center  
  21  1:50  Orbital Command  
  21  2:09  Marine  
  22  2:27  Factory  
  22  2:35  SCV  
  22  2:36  Barracks  
  23  2:49  Command Center  
  23  2:52  Supply Depot  
  23  2:55  Supply Depot  
  23  2:58  SCV  
  23  3:05  Barracks Reactor  
  24  3:06  Supply Depot  
  24  3:11  SCV  
  25  3:13  Factory Tech Lab  
  25  3:18  Orbital Command  
  25  3:25  Barracks Tech Lab  
  25  3:33  Engineering Bay  
  25  3:36  Refinery  
  25  3:37  SCV  
  26  3:43  Marine x2  
  28  3:49  SCV  
  28  3:50  SCV  
  28  4:00  Widow Mine  
  28  4:01  SCV, Marine  
  28  4:02  Marine  
  29  4:16  SCV  
  28  4:19  Marine  
  28  4:21  Widow Mine  
  31  4:24  Marine x2  
  31  4:28  SCV  
  34  4:37  Marine  
  35  4:40  SCV  
  35  4:42  Marine x2, Stimpack  
  35  4:43  Widow Mine  
  40  4:53  Orbital Command  
  40  4:54  SCV  
  40  4:55  SCV  
  40  4:59  Marine  
  42  5:04  Missile Turret  
  42  5:06  SCV  
  44  5:07  SCV  
  44  5:10  Missile Turret  
  45  5:17  Marine x2  
  45  5:18  SCV  
  45  5:19  Marauder  
  45  5:21  Siege Tank  
  53  5:22  SCV  
  53  5:25  SCV  
  55  5:30  SCV  
  55  5:33  Starport  
  55  5:34  SCV  
  57  5:44  Marauder, Marine x2  
  61  5:51  Barracks  
  61  5:57  Missile Turret  
  61  6:02  Marine x2  
  61  6:03  Widow Mine  
  65  6:06  Marauder  
  67  6:20  Marine x2, Missile Turret  
  67  6:22  Combat Shield  
  67  6:23  Missile Turret x2  
  67  6:24  Widow Mine  
  71  6:26  Missile Turret  
  71  6:27  Marauder  
  71  6:30  Medivac  
  75  6:48  Marauder  
  77  7:12  Supply Depot x2  
  77  7:32  Barracks Tech Lab  
  77  7:33  SCV x3, Medivac, Siege Tank  
  77  7:34  Marauder, Marine x2  
  77  7:35  Supply Depot  
  89  7:37  Supply Depot  
  89  7:38  Supply Depot  
  89  7:40  Supply Depot  
  89  7:41  Concussive Shells, Supply Depot  
  89  7:45  SCV x3  
  92  7:56  Refinery  
  92  7:57  Marauder  
  94  7:58  Refinery  
  94  7:59  Supply Depot  
  94  8:00  Supply Depot  
  94  8:01  Supply Depot  
  94  8:03  Supply Depot  
  94  8:05  Siege Tank  
  94  8:06  Supply Depot  
  94  8:09  Medivac  
  94  8:12  Marine x3  
  102  8:18  Marine  
  101  8:29  Marine  
  101  8:30  Marine x2  
  104  8:35  Marine  
  104  8:37  Siege Tank  
  108  8:47  Marine x2  
  112  8:48  Marauder  
  112  8:54  Marauder, Terran Infantry Weapons Level 1  
  114  8:58  Engineering Bay  
  114  9:05  Marine x2  
  118  9:10  Widow Mine  
  118  9:14  Marine  
  118  9:15  Marine  
  120  9:21  Command Center  
  120  9:23  Marine x2  
  122  9:24  Command Center  
  122  9:26  Orbital Command  
  124  9:31  Widow Mine  
  124  9:32  Marine x2  
  125  9:41  Marine  
  125  9:42  Marine  
  127  9:47  SCV x2  
  127  9:50  Marauder  
  127  9:51  Marauder  
  127  9:52  Siege Tank  
  136  9:58  Marine  
  136  9:59  SCV x2  
  139  10:00  Marine  
  140  10:11  SCV  
  140  10:12  SCV  
  142  10:18  Terran Infantry Armor Level 1  
  142  10:19  Armory  
  142  10:23  SCV  
  142  10:27  Missile Turret  
  142  10:28  SCV x2  
  145  10:30  Missile Turret  
  146  10:35  SCV  
  146  10:40  SCV x2  
  148  10:47  SCV  
  148  10:48  Missile Turret, Siege Tank  
  148  10:49  Marauder x2, Marine  
  156  10:50  Marine  
  156  10:52  SCV x2, Missile Turret  
  156  10:56  Barracks  
  160  11:00  Orbital Command  
  160  11:04  SCV x3  
  163  11:06  Orbital Command  
  163  11:07  Marine  
  163  11:10  Marauder  
  163  11:11  Marauder  
  168  11:15  Missile Turret  
  168  11:20  Siege Tank  
  171  11:32  Marauder x2  
  175  11:33  SCV x4  
  175  11:36  Terran Infantry Weapons Level 2  
  175  11:38  Terran Vehicle And Ship Armor Level 1  
  179  11:40  Starport Reactor  
  179  11:45  SCV x4  
  183  11:49  Refinery  
  183  11:50  Refinery  
  183  11:57  SCV x2  
  183  11:58  SCV x2, Marauder x2  
  183  11:59  Marine  
  192  12:02  Barracks Tech Lab  
  192  12:04  Orbital Command  
  192  12:07  Barracks  
  190  12:09  SCV  
  190  12:11  Barracks  
  191  12:19  Refinery  
  191  12:20  Marauder x2  
  195  12:22  Refinery  
  188  12:41  Marauder x2  
  187  12:50  Marauder  
  187  12:51  Marine x2  
  190  12:53  Terran Infantry Armor Level 2  
  191  12:59  Armory, Medivac x2  
  191  13:02  Marauder  
  191  13:03  Marauder  
  199  13:09  Marine  
  200  13:14  Missile Turret  
  200  13:29  Medivac  
  200  13:32  Terran Vehicle Weapons Level 1  
  186  13:36  Missile Turret  
  178  13:54  Medivac  
  180  13:56  Missile Turret  
  180  13:59  Medivac  
  182  14:18  Missile Turret  
  147  14:36  Marauder x3, Marine  
  147  14:37  Marine  
  117  14:39  Missile Turret  
  117  14:40  Barracks Tech Lab  
  117  14:44  Barracks Reactor  
  101  14:54  Marine x2  
  101  14:57  Marauder  
  101  14:58  Marauder x2  
  100  15:08  Marauder  
  100  15:12  Marine x2  
  104  15:18  Marauder  
  104  15:19  Marauder x2  
  104  15:21  Marine x2  
  112  15:29  Marauder  
  112  15:30  Marine x2  
  112  15:34  Siege Tank  
  119  15:38  Marine x2  
  119  15:40  Orbital Command, Marauder x3  
  125  15:46  Factory  
  125  15:47  Marine  
  125  15:48  Marine  
  125  15:50  Marauder  
  125  15:56  Marine  
  113  16:01  Marauder  
  113  16:02  Marauder x2  
  114  16:06  Siege Tank  
  79  16:35  Marauder x4, Marine  
  79  16:36  Marine x3  
  79  16:38  Siege Tank  
  93  16:53  Marine  
  93  16:54  Marine x3  
  94  16:55  Terran Vehicle And Ship Armor Level 2, Terran Vehicle Weapons Level 2, Terran Infantry Armor Level 3  
  94  16:56  Marauder  
  94  16:57  Marauder x3  
  94  17:00  SCV x4  
  91  17:10  Siege Tank  
  91  17:11  Marine  
  91  17:12  SCV x4, Marine x3  
  100  17:17  Marauder  
  100  17:18  Marauder x3  
  108  17:24  SCV x4, Factory Tech Lab  
  108  17:26  Smart Servos  
  108  17:27  Command Center  
  108  17:29  Marine x4  
  113  17:33  Sensor Tower  
  113  17:36  SCV x3  
  113  17:37  SCV  
  120  17:39  Marauder x4  
  120  17:42  Sensor Tower, Siege Tank  
  131  17:47  Marine x4  
  131  17:48  SCV x3  
  138  18:00  Marauder  
  138  18:01  Marauder x3  
  138  18:03  Refinery x2  
  138  18:05  Marine x4  
  148  18:08  SCV x3  
  148  18:09  SCV  
  154  18:15  Siege Tank  
  157  18:20  SCV  
  157  18:21  Marine, Siege Tank  
  157  18:22  Marine x4  
  157  18:23  Marine x3  
  157  18:24  Medivac  
  157  18:25  Medivac  
  173  18:39  Marauder, Marine  
  173  18:40  Marauder x2, Marine  
  181  18:44  Factory  
  181  18:45  Drilling Claws, Factory  
  181  18:47  Siege Tank  
  184  18:53  Siege Tank  
  184  18:54  Orbital Command, Factory, Medivac  
  184  18:55  Refinery, Factory, Medivac  
  193  19:03  Marauder x4, Marine  
  200  19:31  Sensor Tower  
  200  20:20  Factory Tech Lab x3  
  200  20:21  Factory Tech Lab  
  126  21:16  Medivac x2  
  87  21:55  Marine  
  87  21:56  Marine x3  
  87  21:59  Factory Tech Lab  
Show
View Real Time Build Order
Export as new Build Order

qqq Zerg - Winner!

Build Orders: Hatch First, Brood Lord Corruptor 

Get SALT Encoding   

  12  0:00  Drone  
  13  0:08  Drone  
  14  0:43  Hatchery, Overlord  
  14  0:47  Drone  
  14  0:55  Extractor  
  13  1:08  Spawning Pool  
  12  1:24  Drone x3  
  15  1:42  Drone  
  16  1:55  Drone  
  17  2:06  Drone x2  
  17  2:07  Drone  
  19  2:16  Metabolic Boost  
  19  2:17  Queen  
  19  2:19  Drone  
  19  2:21  Drone  
  23  2:31  Queen  
  23  2:34  Drone  
  26  2:40  Overlord  
  26  2:43  Drone  
  27  2:46  Drone  
  28  2:55  Overlord  
  28  3:01  Lair  
  28  3:03  Drone  
  29  3:06  Drone  
  29  3:11  Overlord  
  30  3:23  Overlord  
  30  3:31  Drone x4  
  30  3:32  Extractor, Overlord  
  30  3:33  Drone  
  34  3:35  Drone  
  34  3:40  Drone  
  36  3:42  Zergling x2  
  37  3:57  Zergling x4  
  37  3:58  Zergling x6  
  37  3:59  Spine Crawler  
  41  4:07  Zergling x2  
  42  4:13  Spine Crawler  
  38  4:27  Zergling x2  
  38  4:28  Zergling x6  
  38  4:29  Zergling x4  
  41  4:40  Drone x3  
  41  4:43  Drone  
  41  4:45  Zergling x2  
  46  4:46  Spire  
  45  4:55  Extractor  
  45  4:56  Extractor  
  45  4:58  Drone  
  45  4:59  Zergling x2  
  45  5:08  Drone  
  45  5:10  Overlord  
  45  5:11  Hatchery  
  45  5:20  Zergling x4, Overlord  
  45  5:21  Drone  
  48  5:32  Zergling x2  
  48  5:33  Drone x3  
  43  5:51  Drone x3  
  46  5:58  Mutalisk x4  
  46  5:59  Mutalisk x2  
  46  6:00  Mutalisk  
  60  6:12  Zerg Flyer Weapons Level 1  
  60  6:16  Drone, Overlord  
  61  6:27  Drone  
  61  6:29  Drone x3  
  61  6:30  Drone  
  61  6:31  Mutalisk  
  68  6:51  Mutalisk  
  68  6:52  Mutalisk x2  
  74  6:56  Hatchery  
  73  7:09  Mutalisk x2  
  73  7:11  Drone x5  
  73  7:12  Drone x3  
  85  7:21  Drone  
  85  7:22  Mutalisk  
  86  7:23  Overlord x3  
  88  7:35  Mutalisk x2  
  92  7:44  Extractor  
  92  7:45  Extractor  
  90  7:55  Mutalisk x2  
  90  7:57  Drone x3  
  97  8:01  Mutalisk  
  97  8:02  Overlord x3  
  99  8:28  Drone x4  
  100  8:57  Mutalisk x6  
  100  8:58  Drone  
  100  8:59  Drone x5  
  118  9:14  Mutalisk x2  
  120  9:36  Drone  
  120  9:37  Drone x5  
  126  9:43  Extractor  
  126  9:45  Extractor  
  124  9:52  Hatchery  
  123  9:55  Drone  
  123  9:57  Hatchery, Zerg Flyer Weapons Level 2  
  123  10:01  Infestation Pit  
  123  10:03  Evolution Chamber  
  123  10:04  Evolution Chamber  
  123  10:06  Hydralisk Den, Overlord  
  123  10:07  Overlord x5  
  119  10:08  Drone x3  
  122  10:30  Hatchery  
  121  10:43  Drone x3  
  121  10:49  Hive  
  125  11:01  Drone  
  125  11:02  Mutalisk x2  
  124  11:49  Mutalisk x8  
  124  11:50  Mutalisk  
  142  11:55  Zerg Melee Weapons Level 1  
  142  11:56  Zerg Ground Armor Level 1  
  142  12:01  Lurker Den  
  141  12:05  Hatchery  
  140  12:12  Drone x3  
  140  12:14  Hatchery  
  141  12:16  Spine Crawler  
  141  12:17  Spine Crawler x2  
  138  12:26  Hatchery  
  138  12:28  Drone  
  138  12:31  Hatchery  
  138  12:35  Drone x3  
  140  12:40  Greater Spire  
  140  12:42  Corruptor x4  
  140  12:43  Corruptor x5  
  158  12:52  Ultralisk Cavern  
  151  13:47  Corruptor x5  
  161  13:49  Ultralisk x4  
  185  13:58  Brood Lord x4  
  185  14:02  Zergling x6  
  142  14:41  Brood Lord x4  
  142  14:42  Brood Lord x2  
  142  14:44  Zergling x4  
  142  14:45  Zergling x14  
  155  14:46  Drone x4  
  155  14:52  Zerg Melee Weapons Level 2  
  159  14:55  Zergling x2  
  159  14:56  Zergling x2  
  161  15:01  Anabolic Synthesis  
  161  15:05  Drone x2  
  163  15:08  Zergling x6  
  163  15:09  Zergling x2  
  167  15:26  Ultralisk x2  
  167  15:27  Zergling x2  
  167  15:28  Zergling x4  
  179  15:40  Drone x4  
  182  15:43  Chitinous Plating  
  156  15:51  Zerg Ground Armor Level 2  
  136  15:59  Ultralisk  
  136  16:00  Zergling x14  
  136  16:01  Zergling x2  
  136  16:02  Drone x2  
  136  16:03  Drone x8  
  155  16:16  Ultralisk  
  155  16:17  Ultralisk  
  164  16:19  Drone x4  
  164  16:20  Drone x2  
  152  16:38  Ultralisk  
  152  16:39  Zergling x6  
  147  16:40  Drone x4  
  147  16:41  Drone x3  
  154  17:00  Drone x4  
  154  17:01  Drone x4  
  162  17:03  Extractor  
  162  17:04  Extractor  
  162  17:05  Spine Crawler x2  
  162  17:06  Extractor  
  162  17:07  Extractor  
  162  17:08  Extractor  
  155  17:09  Extractor  
  155  17:10  Extractor  
  155  17:11  Extractor  
  143  17:27  Hatchery  
  143  17:29  Corruptor x2  
  128  17:30  Corruptor x2  
  128  17:32  Zergling x4  
  132  17:43  Mutalisk x2  
  131  17:44  Drone x4  
  131  17:45  Drone x7  
  142  17:56  Spine Crawler  
  142  17:57  Spine Crawler x3  
  142  17:58  Spine Crawler x2  
  125  18:06  Zergling x8  
  125  18:08  Drone x6, Hatchery  
  125  18:09  Drone  
  120  18:12  Spine Crawler  
  120  18:14  Spine Crawler x2  
  120  18:15  Spine Crawler  
  120  18:16  Spine Crawler  
  120  18:17  Spine Crawler x2  
  120  18:18  Spine Crawler x3  
  120  18:19  Drone x2  
  99  18:20  Spine Crawler  
  99  18:25  Ultralisk  
  79  18:36  Drone  
  61  19:18  Drone x3  
  64  19:28  Ultralisk  
  64  19:30  Ultralisk  
  76  19:49  Ultralisk  
  82  19:57  Drone x2  
  82  19:59  Extractor  
  83  20:02  Extractor  
  83  20:06  Mutalisk  
  84  20:31  Mutalisk  
  75  20:43  Mutalisk  
  75  20:45  Drone x3  
  66  20:57  Hatchery x2  
  66  21:03  Zergling x2  
  66  21:04  Zergling x14  
  62  21:05  Drone, Zergling x2  
  68  21:23  Drone x2  
  65  21:37  Zergling x4  
  65  21:38  Zergling x4  
  73  21:49  Extractor  
  73  21:52  Extractor  
Show
View Real Time Build Order
Export as new Build Order

XMasterMaxX Terran 

Build Orders:  

Get SALT Encoding   

  12  0:00  SCV  
  14  0:14  SCV  
  14  0:19  Supply Depot  
  14  0:26  SCV  
  15  0:41  SCV  
  16  0:45  Barracks  
  16  0:53  Refinery, SCV  
  17  1:05  SCV  
  18  1:17  SCV  
  19  1:29  SCV  
  20  1:46  Barracks Reactor  
  20  1:49  Command Center  
  20  1:57  Orbital Command  
  20  2:22  Supply Depot  
  20  2:23  SCV, Supply Depot  
  20  2:24  Supply Depot  
  21  2:32  Marine x2  
  23  2:39  Barracks  
  23  2:44  SCV  
  23  2:50  Factory  
  24  2:56  SCV  
  24  2:57  Marine x2  
  27  3:10  Refinery, SCV  
  28  3:13  Orbital Command  
  28  3:20  Marine x2  
  28  3:22  SCV  
  31  3:28  Supply Depot  
  31  3:34  Barracks Tech Lab, SCV  
  31  3:36  Factory Reactor  
  32  3:43  Starport  
  32  3:46  SCV  
  33  3:58  SCV x2  
  33  3:59  Marine x2  
  33  4:00  Marine  
  38  4:10  SCV  
  38  4:16  Supply Depot x2  
  39  4:18  Supply Depot  
  39  4:19  Stimpack  
  39  4:32  SCV x2  
  39  4:35  Medivac x2  
  39  4:38  Factory Tech Lab  
  45  4:40  Marine  
  45  4:42  Marine  
  45  4:44  Marine  
  48  4:49  SCV x2  
  50  5:00  Refinery  
  50  5:01  SCV x2  
  50  5:02  Marine  
  50  5:03  Refinery  
  50  5:04  Marine  
  50  5:06  Marine  
  55  5:20  Marine  
  55  5:21  Siege Tank  
  59  5:22  Marine  
  59  5:23  SCV x2  
  59  5:24  Marine  
  50  6:01  Siege Tank  
  50  6:02  Medivac  
  50  6:04  Marauder, Marine x2  
  59  6:21  Marine x2  
  61  6:26  Marauder  
  61  6:30  SCV x2  
  64  6:33  Siege Tank  
  64  6:39  Marine x2  
  69  6:42  SCV  
  69  6:43  SCV  
  70  6:47  Marauder  
  64  7:09  Marauder  
  66  7:15  Marine  
  66  7:16  Marine  
  66  7:21  Siege Tank  
  66  7:22  Medivac x2  
  71  7:29  Marine  
  74  7:39  SCV  
  74  7:40  SCV  
  74  7:52  SCV x2  
  74  7:53  Siege Tank  
  77  8:04  SCV  
  78  8:09  Engineering Bay  
  78  8:11  Engineering Bay  
  78  8:14  SCV  
  78  8:16  SCV  
  78  8:17  Armory  
  78  8:18  Armory  
  78  8:23  Supply Depot  
  78  8:25  Supply Depot  
  78  8:26  SCV, Supply Depot x2  
  69  8:28  SCV  
  69  8:29  Supply Depot x2  
  70  8:38  SCV  
  70  8:39  Marine x2  
  70  8:40  SCV, Marine  
  75  8:45  Supply Depot  
  75  8:50  SCV  
  75  8:52  SCV  
  77  8:57  Marine x2  
  77  9:02  SCV  
  80  9:04  SCV  
  81  9:14  SCV  
  81  9:16  SCV  
  83  9:23  Missile Turret  
  83  9:26  SCV  
  83  9:29  Missile Turret  
  83  9:30  Missile Turret  
  84  9:31  SCV  
  84  9:32  Missile Turret  
  84  9:33  Marine  
  84  9:34  Marine x2  
  84  9:36  Thor  
  90  9:38  Viking  
  90  9:39  SCV, Viking  
  90  9:43  SCV  
  95  9:51  SCV, Marine  
  97  10:04  Marine x2  
  99  10:09  Marine  
  100  10:15  Terran Infantry Armor Level 1  
  100  10:17  Terran Infantry Weapons Level 1  
  100  10:18  Terran Ship Weapons Level 1  
  100  10:19  Thor  
  106  10:22  Marine  
  106  10:23  Terran Vehicle And Ship Armor Level 1  
  107  10:32  Viking  
  109  11:00  Medivac  
  109  11:01  Thor  
  109  11:03  Marine x3  
  120  11:14  Command Center  
  120  11:20  Marine  
  120  11:21  Marine x2  
  123  11:30  Medivac x2  
  127  11:38  Marine x3  
  130  11:56  Marine x2  
  130  11:57  Marauder  
  130  11:58  Thor  
  130  12:00  Medivac  
  142  12:10  SCV x2  
  142  12:14  Marine x2  
  146  12:18  Marauder  
  146  12:21  Supply Depot  
  149  12:22  SCV  
  149  12:23  SCV  
  150  12:32  Orbital Command, Marine x2  
  152  12:40  Marauder  
  154  12:44  Thor  
  154  12:46  Viking  
  162  13:01  Marauder  
  162  13:22  Marauder  
  152  13:32  Orbital Command  
  152  13:45  Thor  
  158  14:28  Thor  
  158  14:30  Marauder, Marine x2  
  168  14:52  Marauder  
  170  14:56  Medivac x2  
  170  14:57  Marine  
  170  14:58  Marine  
  176  15:08  Refinery  
  176  15:09  Refinery  
  176  15:11  Thor  
  176  15:13  Marauder  
  184  15:15  Marine x2  
  186  15:25  Terran Infantry Weapons Level 2  
  186  15:26  Terran Infantry Armor Level 2, Viking x2  
  186  15:27  Terran Ship Weapons Level 2  
  190  15:28  Terran Vehicle And Ship Armor Level 2  
  190  15:33  Marine x2  
  190  15:35  Marauder  
  155  15:51  Marine x2  
  155  15:56  Marauder, Viking x2  
  113  16:06  Siege Tank  
  113  16:09  Marine x2  
  95  16:17  Marauder  
  80  16:26  Marine  
  80  16:29  Marine  
  80  16:31  Viking x2  
  76  16:38  Siege Tank  
  76  16:39  Marauder  
  81  16:42  Orbital Command  
  81  16:43  Barracks  
  81  16:44  Marine  
  81  16:46  Barracks  
  82  16:48  Barracks  
  82  16:53  Factory  
  79  16:56  Command Center  
  79  17:00  Marauder  
  79  17:01  Viking  
  73  17:05  SCV x2  
  75  17:17  SCV x2  
  75  17:21  Marauder  
  75  17:22  Siege Tank  
  82  17:29  SCV x2  
  84  17:37  SCV  
  84  17:38  Marine  
  84  17:41  SCV x2  
  84  17:43  Marauder  
  90  17:49  Marine  
  90  17:50  Marine  
  90  17:51  Marine x2  
  93  17:54  Siege Tank  
  95  18:04  Marauder  
  87  18:09  Orbital Command  
  87  18:10  Viking x2  
  87  18:11  Marine  
  80  18:26  Marauder  
  80  18:33  SCV x2  
  80  18:35  Marine  
  80  18:40  Viking x2  
  85  18:43  Marine x2  
  85  18:45  SCV x2  
  89  18:57  SCV  
  90  19:03  Marine x3  
  90  19:04  Marauder  
  95  19:25  Marauder  
  97  19:39  Orbital Command  
  90  19:56  Marine x2  
  90  19:57  Marauder  
  90  19:58  Siege Tank  
  90  19:59  Viking x2  
  101  20:01  Marine  
  99  20:18  Marauder  
  95  20:29  Medivac x2  
  95  20:30  Siege Tank  
  70  20:39  Marauder  
  38  21:05  Planetary Fortress  
  35  21:17  Siege Tank  
Show
View Real Time Build Order
Export as new Build Order

Maiheu Terran 

Build Orders:  

Get SALT Encoding   

  12  0:00  SCV  
  13  0:12  SCV  
  14  0:17  Supply Depot  
  14  0:24  SCV  
  15  0:38  SCV  
  15  0:39  Barracks  
  16  0:45  Refinery  
  16  0:50  SCV  
  17  0:57  Refinery  
  17  1:03  SCV  
  18  1:15  SCV  
  19  1:27  SCV  
  20  1:32  Supply Depot  
  20  1:35  Reaper  
  21  1:48  Factory  
  21  1:51  Orbital Command  
  21  2:07  Reaper  
  22  2:18  SCV  
  23  2:30  SCV  
  23  2:34  Hellion  
  26  2:37  Command Center  
  26  2:41  Reaper  
  27  2:45  Supply Depot  
  27  2:50  SCV  
  30  2:58  Hellion  
  30  3:02  Starport  
  30  3:04  SCV  
  31  3:16  SCV  
  31  3:17  Barracks Reactor  
  32  3:22  Factory Tech Lab  
  32  3:28  SCV  
  33  3:40  SCV  
  34  3:50  Orbital Command  
  34  3:52  Factory Tech Lab, SCV  
  35  4:04  Marine x2  
  35  4:05  SCV, Raven  
  40  4:17  SCV  
  39  4:27  SCV  
  39  4:28  Marine x2, Siege Tank  
  44  4:37  SCV  
  41  4:42  SCV  
  41  4:43  Command Center  
  41  4:45  Barracks  
  42  4:47  Barracks  
  42  4:49  SCV  
  42  4:50  Marine  
  42  4:51  Marine  
  42  4:52  Raven  
  47  4:54  SCV  
  48  5:01  SCV  
  48  5:06  SCV  
  50  5:09  Marine, Siege Tank  
  54  5:16  Supply Depot  
  54  5:18  Bunker  
  54  5:23  Refinery  
  54  5:24  Refinery  
  54  5:25  SCV x2, Marine  
  57  5:29  Marine  
  52  5:45  SCV x2  
  54  5:52  Barracks Tech Lab x2  
  54  5:53  Siege Tank  
  57  5:57  SCV  
  57  6:01  Orbital Command  
  57  6:02  SCV  
  59  6:05  Engineering Bay  
  59  6:07  Engineering Bay  
  59  6:10  SCV  
  60  6:12  Stimpack, Combat Shield  
  60  6:14  Marine x3  
  60  6:16  SCV  
  64  6:19  Concussive Shells  
  64  6:22  SCV  
  65  6:28  SCV  
  65  6:30  Siege Tank  
  65  6:31  Marine  
  65  6:32  SCV, Marine  
  72  6:34  SCV  
  73  6:40  SCV, Marine  
  73  6:46  Terran Infantry Armor Level 1  
  75  6:47  Supply Depot  
  75  6:48  SCV, Supply Depot  
  75  6:49  Armory  
  75  6:52  SCV, Marine x2  
  75  7:00  SCV  
  76  7:03  Orbital Command, Marauder, Siege Tank  
  76  7:04  SCV  
  82  7:10  Marauder  
  84  7:16  SCV  
  84  7:19  Marauder  
  91  7:24  Marauder  
  91  7:27  Terran Infantry Weapons Level 1  
  91  7:28  SCV  
  90  7:33  SCV x2  
  90  7:34  Marauder, Medivac  
  90  7:35  Medivac  
  98  7:39  Refinery  
  98  7:40  SCV  
  98  7:41  Marauder  
  98  7:42  Refinery  
  101  7:53  Supply Depot  
  101  7:54  Supply Depot  
  101  7:58  Marine x2  
  101  7:59  SCV x2, Siege Tank  
  101  8:00  Supply Depot  
  101  8:01  SCV, Supply Depot  
  101  8:02  Supply Depot  
  109  8:07  Command Center  
  109  8:14  Medivac x2  
  109  8:15  SCV x2, Marauder  
  109  8:17  Marauder, Supply Depot  
  119  8:20  Supply Depot  
  119  8:36  Missile Turret  
  119  8:37  Missile Turret  
  119  8:38  Missile Turret x2  
  119  8:40  Missile Turret x2  
  119  8:43  Missile Turret  
  109  8:57  Missile Turret  
  109  9:00  Missile Turret  
  109  9:01  Marine x2  
  109  9:02  Marine, Missile Turret x3, Thor  
  112  9:03  Viking x2  
  112  9:05  Bunker  
  112  9:06  Missile Turret  
  111  9:14  Missile Turret  
  108  9:22  Barracks x2  
  105  9:27  Marauder x2  
  105  9:28  Barracks  
  105  9:38  Terran Infantry Armor Level 2, Terran Infantry Weapons Level 2  
  104  9:43  SCV x2  
  104  9:45  Thor  
  106  9:52  SCV  
  113  9:55  SCV x2  
  113  9:56  Marine  
  113  9:57  Marauder  
  113  9:59  Medivac x2  
  122  10:04  SCV  
  122  10:06  Missile Turret  
  123  10:09  Missile Turret  
  123  10:10  Barracks Reactor x2  
  124  10:23  Barracks Reactor  
  122  10:32  Command Center  
  121  10:41  Terran Vehicle Weapons Level 1  
  121  10:43  Marauder  
  121  10:44  Marauder x2  
  121  10:46  Viking x2  
  121  10:48  SCV  
  121  10:49  SCV, Marine x3  
  137  10:50  Marine  
  138  11:00  SCV  
  138  11:03  Marine x2  
  141  11:04  Marine x2  
  141  11:05  Marine  
  141  11:07  Marine x2  
  141  11:10  Thor  
  141  11:28  SCV  
  141  11:30  Marine x6  
  141  11:31  Marine  
  149  11:33  Missile Turret  
  149  11:34  Missile Turret  
  149  11:35  Missile Turret  
  149  11:37  Missile Turret  
  149  11:57  Thor  
  149  11:58  Marine x4  
  157  12:09  Missile Turret  
  157  12:10  Missile Turret  
  157  12:11  Missile Turret  
  156  12:17  Missile Turret  
  153  12:22  Marine  
  153  12:23  Marine x2  
  154  12:34  SCV x2, Marine x2  
  154  12:35  Marine x2, Planetary Fortress  
  154  12:36  Marauder, Marine  
  162  12:37  Medivac x2  
  162  12:40  Marine x2  
  162  12:41  Marine  
  166  12:52  Marine x2  
  166  12:53  Marauder, Marine  
  166  12:54  Marauder, Thor  
  166  12:55  Terran Infantry Weapons Level 3  
  179  12:58  Marine  
  179  13:00  Marine  
  179  13:02  Marauder  
  175  13:17  Missile Turret  
  175  13:18  Missile Turret  
  167  13:22  Marine x2  
  151  13:37  Thor  
  151  13:40  Marine x5  
  151  13:41  Marine x3  
  145  13:52  Marine  
  145  13:54  Medivac  
  144  13:58  Marine x6  
  144  13:59  Marauder x2  
  154  14:11  Marauder  
  154  14:16  Marine x4  
  149  14:20  Marauder  
  149  14:21  Marauder  
  133  14:32  Marauder, Marine x2  
  133  14:33  Marine x2  
  133  14:37  Marine  
  109  14:42  Marauder x2  
  102  14:46  Marine  
  102  14:50  Marine  
  102  14:52  Refinery  
  96  14:53  Marauder  
  86  15:01  Marine x2  
  86  15:03  Marauder x2  
  86  15:04  Marine  
  93  15:15  Marauder  
  92  15:21  Marine  
  92  15:25  Marauder  
  95  15:37  Marine x2  
  95  15:38  Marauder  
  99  15:45  Marine x2  
  101  15:51  Marine  
  98  16:09  Marine x2  
  98  16:10  Marauder  
  96  16:21  Marine x3  
  63  16:43  Marauder, Marine x2  
  63  16:44  Marine  
  59  16:49  Marine  
  58  16:57  Marine  
  47  17:06  Medivac x2  
  47  17:15  Marauder, Marine x3  
  52  17:16  SCV  
  46  17:31  Marine  
  46  17:32  Marauder x2, Marine x3  
  54  17:45  Marine x2  
  54  17:46  Marauder, Medivac  
  60  17:53  Marauder  
  60  17:57  Marine x2  
  60  17:58  Marauder  
  66  18:07  Marauder  
  66  18:11  Marine x2  
  66  18:15  Marauder  
  66  18:19  Marauder  
  68  18:31  Marine x2  
  68  18:32  Marauder, Marine  
  73  18:36  Marauder  
  74  18:48  Marine  
  74  18:49  Marauder, Marine  
  74  18:53  Marauder  
  70  19:09  Medivac x2  
  74  19:10  Marine x2  
  74  19:13  Marine  
  74  19:34  Marauder x2, Marine x2  
  74  19:36  Marine  
  81  19:39  Medivac  
  83  20:03  Orbital Command  
  83  20:06  Marine x2  
  83  20:07  Marauder x2, Marine  
  90  20:18  Marine x3  
  81  20:42  Marine x2  
  82  20:43  Marauder x2  
  25  21:28  Marine  
  25  21:29  Marauder x2  
  27  21:47  Marauder  
  27  21:50  Marauder, Marine  
Tags
 
Add a new tag
Caveats
  • Supply blocks, unpowered buildings, or Contaminate may cause inaccurate times.
  • Supply counts are checked every 10 seconds.